 Dungeon Crawl Stone Soup version 0.18.1-48-g4cf74bf (webtiles) character file.

908 Gargoyl the Covered (level 7, 0/55 HPs)
             Began as a Demonspawn Abyssal Knight on Aug 26, 2016.
             Was a Priest of Lugonu.
             Succumbed to a scorpion's poison
             ... on level 4 of the Dungeon.
             The game lasted 00:08:27 (4977 turns).

Gargoyl the Covered (Demonspawn Abyssal Knight)     Turns: 4977, Time: 00:08:27

Health: 0/55       AC: 18    Str: 16 (18) XL:     7   Next: 81%
Magic:  8/8        EV:  5    Int: 11 (14) God:    Lugonu [***...]
Gold:   256        SH:  0    Dex: 11 (12) Spells: 0 memorised, 6 levels left

rFire  + . .     SeeInvis .     a - +1 hand axe
rCold  + . .     Gourm    +     d - +2 plate armour {rF+}
rNeg   . . .     Faith    .     (no shield)
rPois  .         Spirit   .     l - +2 hat {MR+}
rElec  .         Dismiss  .     f - +0 cloak
rCorr  .         Reflect  .     (no gloves)
SustAt .         Harm     .     (no boots)
MR     +....                    m - amulet of the gourmand
Stlth  ..........               (no ring)
                                p - +4 ring of strength

@: lethally poisoned (0 -> 0), somewhat resistant to hostile enchantments,
extremely unstealthy
A: talons 1, cold resistance 1, demonic guardian 2, deterioration 1, slow
regeneration 1
a: Depart the Abyss, Bend Space, Banish, Renounce Religion


You were on level 4 of the Dungeon.
You worshipped Lugonu.
Lugonu was most pleased with you.
You were completely stuffed.

You visited 1 branch of the dungeon, and saw 5 of its levels.
You visited the Abyss 1 time.

You collected 256 gold pieces.

Inventory:

Hand Weapons
 a - a +1 hand axe (weapon)
Missiles
 n - 8 tomahawks (quivered)
Armour
 d - a +2 plate armour of fire resistance (worn)
 f - a +0 cloak (worn)
 l - a +2 hat of magic resistance (worn)
Jewellery
 m - an amulet of the gourmand (around neck)
 p - a +4 ring of strength (left hand)
Scrolls
 g - 3 scrolls of magic mapping {unknown}
 h - 3 scrolls of identify {unknown}
 i - 3 scrolls of teleportation {unknown}
 j - 2 scrolls of enchant weapon {unknown}
Potions
 k - 2 potions of degeneration
Comestibles
 b - a slice of pizza
 c - 4 bread rations
 r - a meat ration


   Skills:
 + Level 4.8 Fighting
 + Level 3.8 Axes
 * Level 6.3 Armour
 + Level 1.6 Dodging
 + Level 0.4 Stealth
 + Level 2.6 Invocations


You had 6 spell levels left.
You didn't know any spells.

Dungeon Overview and Level Annotations

Branches:
Dungeon (5/15)
 Temple: D:4-7

Altars:
Ashenzari
Vehumet


Innate Abilities, Weirdness & Mutations

Your flesh is cold resistant.
A demonic guardian rushes to your aid.
You have sharp toenails.
Your body sometimes deteriorates upon taking damage.
You regenerate slowly when monsters are visible.


Message History

You feel sick.
There is a stone staircase leading up here.
* * * LOW HITPOINT WARNING * * *
You feel sick.
* * * LOW HITPOINT WARNING * * *
You feel sick.
* * * LOW HITPOINT WARNING * * *
You feel sick.
* * * LOW HITPOINT WARNING * * *
You feel sick.
* * * LOW HITPOINT WARNING * * *
You feel sick.
* * * LOW HITPOINT WARNING * * *
You feel sick.
* * * LOW HITPOINT WARNING * * *
You feel sick.
You see here a ring mail.
* * * LOW HITPOINT WARNING * * *
You feel sick.
You die...

### #.# #### #.##### ...#
############ #########...... ...#
#..........# #..?......#####
...###..........###.........#####
..........♣♣♣♣..............##...
...###...♣♣.P♣♣.###.........#....
.........♣..P♣♣.@..[.............
.†.......♣♣P.♣♣♣♣########...#.#.#
.....##.##♣♣♣.P.♣♣# ##....#.#
........# ♣....PP## #..###..
##..#####♣♣♣..♣P...##### ##.# ###
##..# #♣..PP♣♣♣♣.....# #.# ....#
♣P.♣♣♣♣♣...(...####.##### ###.#
♣.P♣..................... ..#.#
#........#####...........


There were no monsters in sight!

Vanquished Creatures
  The ghost of wojtek the Slicer, a novice KoBe of Trog (D:4)
  Sigmund (D:3)
  Eustachio (D:4)
  Blork the orc (D:4)
  A scorpion (D:4)
  3 orc priests
  A hound (D:4)
  A centaur skeleton (D:4)
  2 worker ants (D:4)
  A hound skeleton (D:4)
  7 adders
  2 oozes
  3 worms
  3 giant geckos
  16 orcs
  8 bats
  5 giant cockroaches
  8 goblins
  7 hobgoblins
  7 jackals
  4 kobolds
  2 quokkas
  3 giant newts
  7 rats
  A plant (D:4)
96 creatures vanquished.

Vanquished Creatures (collateral kills)
  A scorpion (D:4)
  An orc priest (D:5)
  2 orcs
  A giant cockroach (D:5)
5 creatures vanquished.

Vanquished Creatures (others)
  A giant cockroach (D:3)
  A goblin (D:3)
  A hobgoblin (D:3)
  A giant newt (D:3)
4 creatures vanquished.

Grand Total: 105 creatures vanquished

Notes
Turn   | Place    | Note
--------------------------------------------------------------
     0 | Abyss:1  | Gargoyl the Demonspawn Abyssal Knight began the quest for the Orb.
     0 | Abyss:1  | Reached XP level 1. HP: 18/18 MP: 2/2
    70 | Abyss:2  | Found a corrupted altar of Lugonu.
   101 | Abyss:2  | Noticed a large abomination
   129 | Abyss:2  | Noticed a tentacled monstrosity
   134 | D:1      | Escaped the Abyss
   256 | D:1      | Reached * piety under Lugonu
   317 | D:1      | Gained mutation: A weak demonic guardian rushes to your aid. [demonic ancestry]
   317 | D:1      | Reached XP level 2. HP: 24/24 MP: 3/3
   335 | D:1      | Reached skill level 2 in Armour
   703 | D:1      | Reached XP level 3. HP: 26/29 MP: 4/4
  1515 | D:2      | Reached ** piety under Lugonu
  1515 | D:2      | Reached skill level 1 in Dodging
  2121 | D:2      | Reached XP level 4. HP: 28/37 MP: 5/5
  2122 | D:2      | Reached skill level 3 in Armour
  2557 | D:3      | Found a radiant altar of Vehumet.
  2874 | D:3      | Found a shattered altar of Ashenzari.
  3092 | D:3      | Reached XP level 5. HP: 41/42 MP: 6/6
  3349 | D:3      | Noticed Sigmund
  3360 | D:3      | Killed Sigmund
  3360 | D:3      | Reached skill level 4 in Armour
  3445 | D:3      | Gained mutation: Your flesh is cold resistant. [demonic ancestry]
  3445 | D:3      | Reached XP level 6. HP: 48/48 MP: 7/7
  3445 | D:3      | Reached *** piety under Lugonu
  3958 | D:4      | Noticed wojtek's ghost (novice KoBe)
  3984 | D:4      | Killed wojtek's ghost
  3984 | D:4      | Reached skill level 5 in Armour
  4034 | D:4      | Gained mutation: A demonic guardian rushes to your aid. [demonic ancestry]
  4034 | D:4      | Reached XP level 7. HP: 55/55 MP: 8/8
  4156 | D:4      | Noticed Blork the orc
  4190 | D:4      | Killed Blork the orc
  4738 | D:4      | Noticed Eustachio
  4761 | D:4      | Killed Eustachio
  4761 | D:4      | Reached skill level 6 in Armour
  4918 | D:5      | Entered Level 5 of the Dungeon
  4942 | D:4      | HP: 2/55 [scorpion (1)]
  4947 | D:4      | Gained mutation: Your body sometimes deteriorates upon taking damage. [potion of mutation]
  4947 | D:4      | Gained mutation: You regenerate slowly when monsters are visible. [potion of mutation]
  4947 | D:4      | Gained mutation: You have sharp toenails. [potion of mutation]
  4960 | D:4      | HP: 2/55 [poisoned by a scorpion]
  4965 | D:4      | HP: 1/55 [poisoned by a scorpion]
  4973 | D:4      | HP: 1/55 [poisoned by a scorpion]
  4977 | D:4      | Succumbed to a scorpion's poison

Skill      XL: |  1  2  3  4  5  6  7 |
---------------+----------------------+-----
Armour         | 2 3 4 5 6 |  6.3
Axes           | 2 3 |  3.8
Dodging        | 1 |  1.6
Fighting       | 4 |  4.8
Stealth        | |  0.4
Invocations    | |  2.6

Action                   |  1- 3 |  4- 6 |  7- 9 || total
-------------------------+-------+-------+-------++-------
Melee: Hand axe          |   170 |   181 |   169 ||   520
Invok: Depart the Abyss  |     1 |       |       ||     1
  Use: Scroll            |     4 |       |       ||     4
       Potion            |       |       |     4 ||     4
  Eat: Chunk             |     3 |    17 |     4 ||    24
Armor: Plate armour      |   167 |   171 |   107 ||   445
Dodge: Dodged            |    31 |    54 |    41 ||   126
